[Event "83rd Georgian Championship 2024"]
[Site "Tbilisi"]
[Date "2024.01.29"]
[Round "1.1"]
[White "Paichadze, Luka"]
[Black "Kacharava, Nikolozi"]
[Result "1-0"]
[ECO "C45"]
[WhiteElo "2503"]
[BlackElo "2523"]
[Annotator "TA"]
[PlyCount "97"]
[EventDate "2024.01.29"]
[EventCountry "GEO"]
[SourceTitle "playchess.com"]
[Source "ChessBase"]
[SourceQuality "1"]
[TimeControl "5400+30"]

1. e4 e5 2. Nf3 Nc6 3. d4 exd4 4. Nxd4 Bc5 5. Nb3 Bb6 6. Qe2 {[%emt 0:01:24] C45: Scotch Game.} Nf6 7. Be3 O-O 8. Nc3 d5 9. O-O-O d4 10. Bg5 h6 11. Bxf6 Qxf6 12. Nd5 Qd6 13. Qf3 Be6 (13... f5 $5) 14. Qg3 Qxg3 $146 ({Predecessor:} 14... Rad8 15. Qxd6 Rxd6 16. Nf4 Ne5 17. Nxe6 fxe6 18. f3 c5 19. Nd2 Bd8 20. Nc4 Nxc4 21. Bxc4 {½-½ Oglaza,O (2245)-Baumegger,S (2450) Graz op-A 2018 (2)}) 15. hxg3 Bxd5 16. exd5 Nb4 (16... Ne5 $11) 17. c4 dxc3 (17... Nxa2+ $2 18. Kb1 Nb4 19. c5 $18 (19. Nxd4 Rad8 $17)) 18. bxc3 Nxa2+ 19. Kb2 Nxc3 $1 20. Kxc3 Bxf2 21. g4 Rfe8 22. Bc4 Re4 23. Rdf1 Rf4 24. Rh5 Re8 25. Rf5 Ree4 26. Rxf4 (26. Rxf2 Rxc4+ 27. Kd3 Rxf2 28. Rxf2 (28. Kxc4 Rxg2 29. Rf4 g5 $11) 28... Rxg4 $11) 26... Rxf4 27. Be2 Bg3 (27... Kf8 $14) 28. Bf3 Rf6 29. Nc5 c6 (29... Rb6 $16) 30. Nxb7 cxd5 31. Kd4 Rf4+ 32. Kxd5 f5 {[%emt 0:00:35] [#]} 33. gxf5 $1 Rxf5+ 34. Kc4 Rf4+ 35. Kd3 Rb4 36. Bd5+ Kh7 37. Rf8 Be5 (37... h5 {is a better defense.} 38. Be4+ g6) 38. Be4+ $18 g6 39. Rf7+ Kg8 40. Rd7 (40. Bxg6 Rg4 $14) 40... Rb1 41. Bd5+ (41. Bxg6 $2 {too greedy.} Rd1+ 42. Ke2 Rxd7 $19) 41... Kh8 $2 (41... Kf8 {might work better.} 42. Nc5 Rd1+ 43. Ke2 Rd4) 42. Nd8 $18 Bg7 43. Ne6 Be5 44. Nf8 Bg7 45. Nxg6+ Kh7 46. Nh4 (46. Nf8+ $142 Kh8 47. Ne6 Rd1+ 48. Ke4 Rd2 49. Kf5 (49. Nxg7 Rxg2 50. Ne6 Rg8 51. Kf5 Rg1 52. Nf4 Rg7 53. Ng6+ Kh7) (49. Rxg7 Re2+ 50. Kf5 Rxe6 51. Rxa7 Rb6 52. Be6 Rb2 53. g4 Rb5+ 54. Kg6 Rg5+ 55. Kf6 Rg8) 49... Rf2+ 50. Bf3 Rb2 51. Nxg7) 46... Rb2 47. Rxa7 Rf2 48. Nf5 Rxf5 49. Be4 1-0

[Event "83rd Georgian Championship 2024"]
[Site "Tbilisi"]
[Date "2024.01.29"]
[Round "1.2"]
[White "Mchedlishvili, Mikheil"]
[Black "Jobava, Baadur"]
[Result "1/2-1/2"]
[ECO "C42"]
[WhiteElo "2569"]
[BlackElo "2591"]
[Annotator "RC"]
[PlyCount "25"]
[EventDate "2024.01.29"]
[EventCountry "GEO"]
[SourceTitle "playchess.com"]
[Source "ChessBase"]
[SourceQuality "1"]
[TimeControl "5400+30"]

1. e4 e5 2. Nf3 Nf6 3. Nxe5 d6 4. Nf3 Nxe4 5. d4 d5 6. Bd3 Bd6 7. O-O O-O 8. c4 c6 9. Nc3 Nxc3 10. bxc3 Bg4 11. h3 Bh5 12. cxd5 cxd5 13. Rb1 1/2-1/2

[Event "83rd Georgian Championship 2024"]
[Site "Tbilisi"]
[Date "2024.01.29"]
[Round "1.3"]
[White "Tsomaia, Nikoloz"]
[Black "kiladze, Luka"]
[Result "1-0"]
[ECO "B30"]
[WhiteElo "2231"]
[BlackElo "2179"]
[Annotator "TA"]
[PlyCount "143"]
[EventDate "2024.01.29"]
[EventCountry "GEO"]
[SourceTitle "playchess.com"]
[Source "ChessBase"]
[SourceQuality "1"]
[TimeControl "5400+30"]

1. e4 c5 2. Nf3 Nc6 3. Bb5 e6 4. O-O Nge7 5. d4 cxd4 6. Nxd4 a6 {[%emt 0:04:00] 6...Ng6 is a critical line. B30: Sicilian: 2...Nc6 3 Bb5, lines without ...g6.} 7. Be2 Qc7 8. Be3 Nxd4 9. Qxd4 Nc6 10. Qc3 Bd6 11. f4 O-O 12. Nd2 Bb4 $146 ({Predecessor:} 12... b5 13. e5 Bb4 14. Qd3 Be7 15. c3 d6 16. exd6 Bxd6 17. a4 Rb8 18. Ne4 Be7 19. axb5 axb5 {½-½ Stukalov,M (2170)-Cipressi,N (2210) W-ch WS/CCM/B/04 email 2019}) 13. Qd3 Be7 14. c3 b5 15. b4 Bb7 16. a4 bxa4 17. Rxa4 d5 18. exd5 exd5 19. Nb3 d4 20. Nxd4 Bf6 21. Bf3 Nxd4 22. Bxb7 Qxb7 23. Bxd4 Rfd8 24. Rfa1 h6 25. f5 Rac8 26. Qxa6 (26. Rxa6 $2 {loses.} Rxc3 27. Qf1 Rxd4 $19 (27... Bxd4+ $2 28. Kh1 $19)) 26... Bxd4+ 27. cxd4 Qe4 28. Qf1 Rc2 ({Don't take} 28... Qxd4+ 29. Kh1 $17) (28... Rxd4 {simplifies} 29. Qf3 Qe5 30. Rf1 Rxb4 31. Rxb4 Qc5+) 29. b5 Rdc8 30. Re1 $2 (30. Kh1 $11) 30... Qd5 $2 (30... Rxg2+ $1 $19 31. Qxg2 Qxe1+ 32. Qf1 Qe3+ 33. Kh1 Rc1 34. Qxc1 Qxc1+ 35. Kg2 Qc2+ 36. Kf3 Qxa4) 31. Ra3 Qxd4+ 32. Kh1 Rf2 33. Qg1 $1 Qf4 34. b6 Rcc2 $2 (34... Rb2 $11) 35. b7 $18 Rxg2 36. Qxg2 Rxg2 37. Kxg2 Kh7 38. Rb3 Qd2+ 39. Kh3 (39. Kf1 $142 Qf4+ 40. Kg1 Qd4+ 41. Ree3) 39... Qxe1 $18 40. b8=Q Qf1+ 41. Kg3 Qe1+ 42. Kf3 Qd1+ 43. Ke3 Qg1+ 44. Ke4 Qg2+ 45. Kd4 Qd2+ 46. Rd3 Qf2+ 47. Kc3 Qe1+ 48. Kc2 Qe2+ 49. Rd2 Qe4+ 50. Kb2 Qxf5 51. Qb3 g6 52. Qd5 Qf4 53. Kc3 Qe3+ 54. Rd3 Qc1+ 55. Kb4 Qb1+ 56. Kc5 Qc2+ 57. Kd6 Qxh2+ 58. Ke7 Qc7+ 59. Kf8 Qc8+ 60. Kxf7 h5 61. Qd7 Qg8+ 62. Kf6+ Kh6 63. Qd8 Qg7+ 64. Ke6 Qb2 65. Qf8+ Kg5 66. Qc5+ Kh6 67. Qe3+ Kh7 68. Rd7+ Kg8 69. Qe5 Qb6+ 70. Ke7 Qb4+ 71. Kd8 Qb6+ 72. Ke8 1-0

[Event "83rd Georgian Championship 2024"]
[Site "Tbilisi"]
[Date "2024.01.29"]
[Round "1.4"]
[White "Sanikidze, Tornike"]
[Black "Gagunashvili, Merab"]
[Result "1/2-1/2"]
[ECO "D36"]
[WhiteElo "2449"]
[BlackElo "2562"]
[Annotator "RC"]
[PlyCount "43"]
[EventDate "2024.01.29"]
[EventCountry "GEO"]
[SourceTitle "playchess.com"]
[Source "ChessBase"]
[SourceQuality "1"]
[TimeControl "5400+30"]

1. d4 d5 2. c4 c6 3. Nf3 Nf6 4. Nc3 e6 5. Bg5 Nbd7 6. cxd5 exd5 7. e3 Be7 8. Qc2 Nh5 9. Bxe7 Qxe7 10. O-O-O Ndf6 11. Bd3 g6 12. Ne5 Ng4 13. Nxg4 Bxg4 14. Rde1 O-O-O 15. f3 Be6 16. Na4 Ng7 17. Nc5 Kb8 18. Kb1 Bf5 19. Re2 Bxd3 20. Qxd3 Rhe8 21. Rhe1 Ne6 22. Nxe6 1/2-1/2

[Event "83rd Georgian Championship 2024"]
[Site "Tbilisi"]
[Date "2024.01.30"]
[Round "2.1"]
[White "Kacharava, Nikolozi"]
[Black "Pantsulaia, Levan"]
[Result "1/2-1/2"]
[ECO "B12"]
[WhiteElo "2523"]
[BlackElo "2561"]
[Annotator "TA"]
[PlyCount "93"]
[EventDate "2024.01.29"]
[EventCountry "GEO"]
[SourceTitle "playchess.com"]
[Source "ChessBase"]
[SourceQuality "1"]
[TimeControl "5400+30"]

1. e4 c6 2. d4 d5 3. e5 Bf5 4. Nc3 e6 5. g4 Bg6 6. Nge2 c5 7. h4 h5 8. Nf4 cxd4 {[%emt 0:00:07] B12: Caro-Kann: Advance Variation.} 9. Nxg6 fxg6 10. Qxd4 Nc6 11. Bb5 Nge7 12. Bg5 Qb6 $146 ({Predecessor:} 12... a6 13. Bxc6+ Nxc6 14. Qd3 Qd7 15. O-O-O Bb4 16. Ne4 Qf7 17. Nd6+ {½-½ Gazik,V (2486)-Gumularz,S (2441) Wch U18 Porto Carras 2018 (10.1)}) 13. Qa4 a6 14. O-O-O Rc8 15. Bd3 Qb4 16. Bxe7 Qxa4 17. Nxa4 Kxe7 18. f4 Kf7 ({Don't play} 18... hxg4 $6 19. Bxg6 g3 20. h5 $16) 19. gxh5 Rxh5 20. Rdg1 {[%emt 0:00:59] [#]} (20. Be2 $11) 20... Ne7 (20... Rh6 $1 $17) 21. Rg5 Rxg5 22. hxg5 (22. fxg5 Nf5 23. Kb1 Be7 $19) 22... Nf5 23. Nc3 Bc5 24. Ne2 Be3+ 25. Kd1 b5 26. Rh3 Bb6 27. c3 Ne3+ 28. Kd2 Nc4+ 29. Bxc4 dxc4 30. Nd4 Rd8 31. Ke3 b4 (31... a5 $11) 32. Ke4 (32. a3 $1 $14) 32... a5 $11 33. Rh2 (33. Nb5 $5 Bc5 $8 34. b3 $11) 33... Bxd4 34. cxd4 Rc8 35. Rc2 Ke7 36. Rc1 Kd7 37. a3 Rc7 38. axb4 axb4 39. d5 c3 40. dxe6+ Kxe6 41. bxc3 Rc4+ (41... Rxc3 42. Rxc3 bxc3 43. Kd3 Kd5 44. Kxc3 Kc5 45. Kd3 Kd5 46. Ke3) 42. Kd3 Rxf4 43. cxb4 Rxb4 44. Rc7 Kxe5 45. Rxg7 Kf5 46. Ke3 Kxg5 47. Kf3 1/2-1/2

[Event "83rd Georgian Championship 2024"]
[Site "Tbilisi"]
[Date "2024.01.30"]
[Round "2.2"]
[White "Gagunashvili, Merab"]
[Black "Quparadze, Giga"]
[Result "1/2-1/2"]
[ECO "A29"]
[WhiteElo "2562"]
[BlackElo "2491"]
[Annotator "TA"]
[PlyCount "78"]
[EventDate "2024.01.29"]
[EventCountry "GEO"]
[SourceTitle "playchess.com"]
[Source "ChessBase"]
[SourceQuality "1"]
[TimeControl "5400+30"]

1. c4 Nf6 2. Nc3 e5 3. g3 d5 4. cxd5 Nxd5 5. Bg2 Nb6 6. d3 Be7 7. Nf3 Nc6 8. O-O O-O 9. a3 Be6 10. Be3 a5 11. Na4 e4 12. Ne1 exd3 13. Nxd3 Nc4 {[%emt 0:01:31] White is slightly better.} 14. Bc5 Rb8 15. Rc1 b5 (15... Bd6 $142) 16. Bxc6 $16 bxa4 17. Qxa4 Nxb2 18. Qxa5 Nxd3 19. Bxe7 Qxe7 20. exd3 Qd6 {[%emt 0:00:05] Wards off d4} 21. Rc3 Rb6 22. Rfc1 Rfb8 23. Qc5 (23. a4 {feels hotter.} Rb1 24. Rxb1 Rxb1+ 25. Kg2) 23... Qxc5 24. Rxc5 Rb3 25. a4 Rxd3 26. Bb5 Ra3 27. Rxc7 Rd8 28. h4 h5 29. R7c2 Rd4 30. Re1 g5 31. hxg5 h4 32. g6 hxg3 {[%emt 0:00:08] The position is equal.} 33. gxf7+ Kxf7 34. fxg3 Rxg3+ 35. Rg2 Rxg2+ 36. Kxg2 Bd7 37. Rb1 Ke7 38. Kf3 Bxb5 39. axb5 Kd8 {[%emt 1:24:37] White really could win this.   Weighted Error Value: White=0.11 (very precise) /Black=0.10 (very precise) .  Mistake:       	---       	Black=1      Inaccurate:     	White=2     	Black=1      OK:         	White=8     	Black=13     Best:        	---       	Black=3} 1/2-1/2

[Event "83rd Georgian Championship 2024"]
[Site "Tbilisi"]
[Date "2024.01.30"]
[Round "2.3"]
[White "kiladze, Luka"]
[Black "Sanikidze, Tornike"]
[Result "0-1"]
[ECO "A43"]
[WhiteElo "2179"]
[BlackElo "2449"]
[Annotator "TA"]
[PlyCount "62"]
[EventDate "2024.01.29"]
[EventCountry "GEO"]
[SourceTitle "playchess.com"]
[Source "ChessBase"]
[SourceQuality "1"]
[TimeControl "5400+30"]

1. d4 Nf6 2. Nc3 c5 3. d5 d6 4. Nf3 g6 5. e4 Bg7 6. Nd2 O-O 7. Be2 Na6 8. O-O Nc7 9. a4 b6 10. Nc4 Ba6 11. Re1 Nd7 12. Bg5 Rb8 13. f4 {[%emt 0:08:28][%cal Oe4e5] White is slightly better.} (13. Nxd6 Bxe2 14. Qxe2 (14. Rxe2 Bxc3 15. bxc3 f6 $17) 14... f6 $15) 13... Bxc4 14. Bxc4 a6 {[%emt 0:00:03] [#] Against Nb5. Black is weak on the light squares} 15. e5 $1 {[%emt 0:04:44] Hoping for exd6.} f6 $1 16. exd6 exd6 17. Bh4 b5 18. Be2 {[%emt 0:03:20] Threatening axb5.} Qc8 (18... bxa4 $11 19. Ne4 (19. Rxa4 Rxb2 20. Qd2 Nb6 $15) (19. Nxa4 Bh6 $14) 19... Rb4 20. Nxd6 Rxf4) 19. Ne4 $16 Ne8 20. axb5 axb5 21. c3 (21. Ra7 $14) 21... b4 (21... Bh6 $11) 22. Ra7 (22. Qd2 {simplifies} Rb6 23. g4 bxc3 24. bxc3 Qb7 25. Qd3) 22... bxc3 23. bxc3 c4 $1 {[%emt 0:04:38] [#]} 24. Bxc4 Qxc4 $11 25. Rxd7 f5 26. Rxg7+ Kxg7 27. Ng5 Nc7 {[%emt 0:05:26][%cal Of8e8] Strongly threatening ...Rfe8!} 28. Ne6+ Nxe6 29. dxe6 Qc6 (29... Qxf4 $2 {too greedy.} 30. Bg3 Qc4 31. Qxd6 $18 (31. Bxd6 Rfd8 $16)) 30. Qd4+ Kg8 31. Be7 $2 {[%emt 0:01:27][%mdl 8192] [#]} (31. Bf2 $11) 31... Rb2 $1 {[%emt 0:00:15] Weighted Error Value: White=0.47/Black=0.12 (very precise) .  Loses game:     	White=1     	---        Mistake:       	White=2     	Black=2      Inaccurate:     	White=1     	---        OK:         	White=9     	Black=5      Best:        	---       	Black=3      Strong:       	---       	Black=3} 0-1

[Event "83rd Georgian Championship 2024"]
[Site "Tbilisi"]
[Date "2024.01.30"]
[Round "2.4"]
[White "Jobava, Baadur"]
[Black "Tsomaia, Nikoloz"]
[Result "1-0"]
[ECO "C54"]
[WhiteElo "2591"]
[BlackElo "2231"]
[Annotator "TA"]
[PlyCount "94"]
[EventDate "2024.01.29"]
[EventCountry "GEO"]
[SourceTitle "playchess.com"]
[Source "ChessBase"]
[SourceQuality "1"]
[TimeControl "5400+30"]

1. e4 e5 2. Nf3 Nc6 3. Bc4 Bc5 4. c3 Nf6 5. b4 Be7 6. d3 O-O 7. O-O d5 8. exd5 Nxd5 9. b5 {[%emt 0:00:42] The position is equal.} Na5 10. Bxd5 Qxd5 11. c4 Qd8 (11... Qd7 $15) 12. Bd2 $1 $36 {[%emt 0:00:44][%mdl 2048] White has the initiative.} e4 13. Bxa5 exf3 14. Qxf3 a6 15. a4 Bf6 16. Bc3 axb5 17. Bxf6 Qxf6 18. Qxf6 gxf6 19. cxb5 Rd8 20. Rd1 Bf5 21. Nc3 Rxd3 22. Rxd3 Bxd3 {[%emt 0:00:05][%mdl 4096] Endgame. KRB-KRN} 23. f3 b6 24. Rd1 Bc4 25. Kf2 Bb3 26. Rd4 Kf8 27. Kg3 Ke7 28. Kh4 Rg8 29. g4 Rg5 {[%emt 0:01:05] Against Nd5+} 30. f4 Rc5 31. Ne4 Rc4 32. Rxc4 Bxc4 $11 {[%emt 0:00:01] KB-KN} 33. Kh5 Be2 $2 (33... f5 $1 $11 {and Black is okay.} 34. gxf5 Bd3 35. f6+ Ke6) 34. Nc3 $1 $18 Bf3 35. Kh6 {[%emt 0:01:02] h3 is the strong threat.} Bxg4 36. Nd5+ (36. Kxh7 Kf8 $15) 36... Kf8 37. Kxh7 {[%emt 0:03:24] White is more active.} Bd1 38. Nxc7 (38. Nxf6 Bxa4 39. Nd5 Bxb5 $11) 38... Bxa4 39. h4 (39. Kh8 $16) 39... Bd1 (39... Bc2+ $11 40. Kh6 Be4) 40. Nd5 Be2 41. Nxb6 {[%emt 0:02:22] Threatens to win with Nd5.} (41. Nxf6 Bxb5 42. Kh8 Bc6 43. Nh7+ Ke7 $11) 41... Bxb5 42. h5 (42. Nd5 $1 $16 {[%cal Oh7h8] Kh8! would kill now.} Bd3+ 43. Kh6) 42... Bd3+ $2 {[%emt 0:02:39][%mdl 8192] This move loses the game for Black.} (42... Bc6 $14) 43. Kh8 {[%emt 0:00:07] White mates.} Be4 {[%emt 0:02:10] [#]} 44. Nd7+ $1 Ke7 {[%emt 0:00:01] [#]} 45. Nc5 $1 Bc2 46. Kg7 Kd6 47. Kxf6 Kd5 {[%emt 0:01:02] Weighted Error Value: White=0.11 (very precise) /Black=0.32.  Loses game:     	---       	Black=2      Mistake:       	White=2     	Black=2      Inaccurate:     	White=5     	Black=3      OK:         	White=14    	Black=17     Best:        	White=2     	Black=3      Strong:       	White=2     	---} 1-0

[Event "83rd Georgian Championship 2024"]
[Site "Tbilisi"]
[Date "2024.01.30"]
[Round "2.5"]
[White "Paichadze, Luka"]
[Black "Mchedlishvili, Mikheil"]
[Result "1/2-1/2"]
[ECO "C01"]
[WhiteElo "2503"]
[BlackElo "2569"]
[Annotator "TA"]
[PlyCount "24"]
[EventDate "2024.01.29"]
[EventCountry "GEO"]
[SourceTitle "playchess.com"]
[Source "ChessBase"]
[SourceQuality "1"]
[TimeControl "5400+30"]

1. e4 e5 2. Nf3 Nf6 3. Nxe5 d6 4. Nf3 Nxe4 5. d3 Nf6 6. d4 d5 7. Bd3 Bd6 8. O-O O-O 9. h3 h6 {[%emt 0:00:55] The position is equal.} 10. c3 Re8 11. Re1 Rxe1+ 12. Qxe1 c6 {[%emt 0:00:33] An uneventful encounter.   Weighted Error Value: White=0.08 (flawless) /Black=0.07 (flawless) .  OK:         	White=1     	Black=2} 1/2-1/2

[Event "83rd Georgian Championship 2024"]
[Site "Tbilisi"]
[Date "2024.01.31"]
[Round "3.1"]
[White "Mchedlishvili, Mikheil"]
[Black "Kacharava, Nikolozi"]
[Result "1/2-1/2"]
[ECO "B22"]
[WhiteElo "2569"]
[BlackElo "2523"]
[Annotator "TA"]
[PlyCount "34"]
[EventDate "2024.01.29"]
[EventCountry "GEO"]
[SourceTitle "playchess.com"]
[Source "ChessBase"]
[SourceQuality "1"]
[TimeControl "5400+30"]

1. e4 c5 2. c3 d5 3. exd5 Qxd5 4. d4 Nf6 5. Nf3 e6 6. Na3 a6 7. Nc4 Nbd7 8. a4 cxd4 9. Qxd4 Bc5 {[%emt 0:00:55] The position is equal.} 10. Qxd5 (10. Qh4 {looks sharper.} O-O 11. Be2 b5 12. Ne3) 10... Nxd5 11. Be2 b6 12. O-O O-O 13. Nce5 Rd8 14. Nc6 Re8 15. Nce5 Rd8 16. Nc6 Re8 17. Nce5 Rd8 {[%emt 0:00:08] A rather calm draw.   Weighted Error Value: White=0.06 (flawless) /Black=0.00 (flawless) .  OK:         	White=1     	Black=8} 1/2-1/2

[Event "83rd Georgian Championship 2024"]
[Site "Tbilisi"]
[Date "2024.01.31"]
[Round "3.2"]
[White "Tsomaia, Nikoloz"]
[Black "Paichadze, Luka"]
[Result "0-1"]
[ECO "B13"]
[WhiteElo "2231"]
[BlackElo "2503"]
[Annotator "TA"]
[PlyCount "132"]
[EventDate "2024.01.29"]
[EventCountry "GEO"]
[SourceTitle "playchess.com"]
[Source "ChessBase"]
[SourceQuality "1"]
[TimeControl "5400+30"]

1. e4 c6 2. d4 d5 3. exd5 cxd5 4. Bd3 Nc6 5. c3 e6 6. Nf3 {[%emt 0:03:03] B13: Caro-Kann: Exchange Variation and Panov-Botvinnik Attack.} Bd6 7. O-O Nge7 8. Re1 O-O 9. b3 f6 10. c4 Nf5 11. Bxf5 $146 ({Predecessor:} 11. Bb2 Kh8 12. Nbd2 Bc7 13. Nf1 Nce7 14. Ng3 Nh6 15. Qc2 g6 16. Re2 Bd6 17. a3 {1-0 Rodriguez Redondo,A (2057)-Luque Saiz,A (2286) Benidorm Bali op-A 2022 (3)}) 11... exf5 12. Nc3 (12. cxd5 Ne7 $11) 12... Bb4 13. Bb2 (13. Bd2 {simplifies} Bxc3 14. Bxc3 Re8 15. Rxe8+ Qxe8 16. Ne1) 13... f4 14. Qd3 Bg4 15. Nd2 (15. cxd5 Bxc3 16. Bxc3 Qxd5 $16) 15... Bxc3 16. Bxc3 (16. Qxc3 {simplifies} Bh5 17. Qh3 Bg6 18. Nf3) 16... Qd7 17. cxd5 Qxd5 18. Qe4 Qxe4 19. Nxe4 Rad8 20. f3 Bc8 21. Rad1 Rd5 22. Rd2 Rfd8 23. Red1 b6 24. Bb2 Bb7 25. Kf2 Kf7 26. Ba3 h6 (26... Rxd4 27. Nd6+ R4xd6 28. Rxd6 Rxd6 29. Bxd6 $18 (29. Rxd6 Ke8 $18)) 27. Nc3 Rxd4 28. Rxd4 Rxd4 (28... Nxd4 $6 29. Nb5 (29. Ne2 Ne6 $14) 29... Nc6 (29... Nxb5 $2 30. Rxd8 Ke6 31. Bf8 $18) 30. Rxd8 Nxd8 31. Nxa7 $11) 29. Rxd4 Nxd4 30. Ne2 Nc2 31. Bd6 g5 32. Bb8 a6 33. Ba7 b5 34. Bc5 Ke6 35. h4 h5 (35... gxh4 $6 36. Nxf4+ Kf5 37. Nd3 $14) 36. a4 Ke5 (36... gxh4 $6 37. axb5 (37. Nxf4+ Kf5 $16) 37... axb5 38. Nxf4+ Kf5 39. Nxh5 $11) 37. axb5 axb5 ({Much weaker is} 37... gxh4 $6 38. bxa6 Bxa6 39. Ng1 $11) 38. Be7 gxh4 39. Bd8 Bd5 40. Bc7+ Kf5 41. Nc3 Bc6 ({But not} 41... Bxb3 $6 42. Nxb5 Bd5 43. Nc3 $11) 42. Ne2 Be8 43. Bxf4 Bf7 44. b4 $2 (44. Bd2 $17) 44... Nxb4 $19 45. Bd2 Nc6 (45... Nd3+ 46. Ke3 Bc4 47. Nd4+ Kg6 48. Nc2 $17) 46. Ke3 b4 47. Nd4+ $2 (47. Kd3) 47... Nxd4 $19 48. Kxd4 b3 49. Bc1 Be6 50. Ke3 Kg6 51. Kf2 h3 52. gxh3 Bxh3 53. Kg3 Be6 54. Bb2 Kg5 55. Bc1+ {[%emt 0:00:15] [#]} Kf5 $1 56. Bb2 Bf7 57. Bc3 Ke6 58. Kf4 Bg6 59. Bb2 Bf5 60. Kg3 Bc2 61. Kh4 Bg6 62. Kg3 Kd5 63. Bxf6 Kc4 64. Kh4 Kd3 65. f4 Kc2 66. f5 Be8 ({Weaker is} 66... Bxf5 67. Kxh5 Kd3 68. Kh4 $11) 0-1

[Event "83rd Georgian Championship 2024"]
[Site "Tbilisi"]
[Date "2024.01.31"]
[Round "3.3"]
[White "Sanikidze, Tornike"]
[Black "Jobava, Baadur"]
[Result "1/2-1/2"]
[ECO "D13"]
[WhiteElo "2449"]
[BlackElo "2591"]
[Annotator "TA"]
[PlyCount "21"]
[EventDate "2024.01.29"]
[EventCountry "GEO"]
[SourceTitle "playchess.com"]
[Source "ChessBase"]
[SourceQuality "1"]
[TimeControl "5400+30"]

1. d4 d5 2. c4 c6 3. Nf3 Nf6 4. cxd5 cxd5 5. Nc3 Nc6 6. Bf4 e6 7. e3 Bd6 8. Bxd6 Qxd6 9. Bd3 Bd7 10. O-O O-O 11. Rc1 1/2-1/2

[Event "83rd Georgian Championship 2024"]
[Site "Tbilisi"]
[Date "2024.01.31"]
[Round "3.4"]
[White "Quparadze, Giga"]
[Black "kiladze, Luka"]
[Result "1-0"]
[ECO "B30"]
[WhiteElo "2491"]
[BlackElo "2179"]
[Annotator "TA"]
[PlyCount "105"]
[EventDate "2024.01.29"]
[EventCountry "GEO"]
[SourceTitle "playchess.com"]
[Source "ChessBase"]
[SourceQuality "1"]
[TimeControl "5400+30"]

1. e4 c5 2. Nf3 Nc6 3. Bb5 e6 4. Bxc6 bxc6 5. d3 Ne7 6. Nbd2 Ng6 7. h4 $1 h5 8. e5 {[%emt 0:00:06] White is slightly better.} f6 9. Qe2 d5 10. exd6 Bxd6 11. Nc4 e5 12. Qe4 {[%emt 0:01:29] White is more active.} Ne7 13. Nfd2 Be6 14. Qe2 Nf5 15. Ne4 Be7 16. c3 O-O 17. Bd2 Rb8 18. O-O-O Qd5 {[%emt 0:03:00] Inhibits f3.} 19. Kb1 (19. f3 $11) 19... Nd6 $15 20. Nexd6 Bxd6 21. Bc1 Be7 (21... Bf7 {simplifies} 22. Nxd6 Qxd6 23. Ka1 Rfd8) 22. Qxh5 e4 23. Qxd5 cxd5 24. Ne3 d4 25. cxd4 cxd4 26. Nc2 Bg4 {[%emt 0:01:13] This pair of bishops is nice.} 27. dxe4 {[%emt 0:01:59] [#] Strongly threatening f3.} Bxd1 28. Rxd1 Bc5 29. Ne1 (29. Nxd4 $2 Rfd8 30. Be3 Rd7 $19) 29... Rfe8 {[%emt 0:02:08][%mdl 1024] Black has compensation.} 30. Nd3 Bd6 31. f3 Rb5 32. g4 {[%emt 0:00:08] Prevents Rh5.} g6 33. Bf4 Bb8 ({Black should try} 33... Bxf4 $11 34. Nxf4 f5 35. gxf5 (35. Nxg6 $2 fxe4 36. fxe4 Rxe4 $19) 35... gxf5) 34. Rc1 (34. Bxb8 $14 Rexb8 35. Rc1) 34... Kf7 $11 35. Rc4 Rh8 36. Rxd4 Rxh4 37. a4 Rb7 38. Bxb8 Rxb8 {[%emt 0:00:04][%mdl 4096] Endgame. KRR-KRN} 39. Rd7+ Ke8 40. Rxa7 Rh3 41. Rg7 {[%emt 0:01:53] Hoping for Rg8+.} Rd8 42. Nc5 Rxf3 $2 {[%emt 0:01:04] [#] Black cannot hold the game after this.} (42... Rd4 $1 $11 {and Black has nothing to worry.}) 43. a5 $1 $18 {[%emt 0:00:06][%cal Ba4a5,Ba5a6][%mdl 32] Threatens to win with Rg8+.} (43. Rxg6 Rd4 $11) 43... Rd1+ 44. Ka2 Rff1 45. a6 (45. Rxg6 Kf7 46. Rh6 Ra1+ 47. Kb3 Rxa5 $15) 45... Ra1+ 46. Kb3 {[%emt 0:00:06][%cal Oa6a7] aiming for a7!} Ra5 47. Kb4 Rfa1 48. g5 ({But not} 48. Rxg6 Rxc5 49. Kxc5 Kf7) 48... Rxc5 $2 (48... f5 49. exf5 (49. Rxg6 fxe4 50. b3 Kf7 $18) 49... gxf5) 49. Kxc5 {[%emt 0:00:11] Intending a7 and mate.} Rxa6 50. b4 {[%emt 0:00:28][%cal Bb2b4,Bb4b5,Bb5b6][%mdl 32] White threatens b5 and mate.} (50. Rxg6 Ra5+ 51. Kb6 Re5 52. Rxf6 Ke7 $18) 50... fxg5 51. b5 {[%emt 0:00:04] White mates.} Ra1 52. b6 Kd8 53. Rg8+ {[%emt 0:00:06] Weighted Error Value: White=0.07 (flawless) /Black=0.29 (precise) .  Loses game:     	---       	Black=1      Mistake:       	White=2     	Black=2      Inaccurate:     	White=2     	Black=2      OK:         	White=18    	Black=22     Best:        	White=3     	Black=2      Strong:       	White=2     	---} 1-0